 Dungeon Crawl Stone Soup version 0.16.2-3-ga078185 (webtiles) character file.

72 gorblad the Ruffian (level 4, -3/38 HPs)
             Began as a Naga Transmuter on Sept 6, 2015.
             Was an Initiate of Sif Muna.
             Killed by divine providence
             ... invoked by an orc priest
              (14 damage)
             ... on level 3 of the Dungeon.
             The game lasted 00:13:06 (2463 turns).

gorblad the Ruffian (Naga Transmuter)               Turns: 2463, Time: 00:13:07

Health: -3/38      AC:  8    Str: 13    XL:     4   Next: 25%
Magic:  8/8        EV:  1    Int: 13    God:    Sif Muna [......]
Gold:   130        SH:  0    Dex: 12    Spells: 3 memorised, 2 levels left

rFire  . . .     SeeInvis +     j - +3 dagger (venom)
rCold  . . .     Clarity  .     f - +0 plate armour
rNeg   . . .     SustAb   .     (no shield)
rPois  +         Gourm    .     (no helmet)
rElec  .         Spirit   .     h - +0 cloak
rCorr  .         Warding  .     r - +0 pair of gloves
rMut   .         Stasis   .     (no barding)
MR     +....                    (no amulet)
Stlth  ..........               m - ring of poison resistance
                                i - ring of protection from magic

@: very slow, somewhat resistant to hostile enchantments, extremely unstealthy
A: spit poison, see invisible, deformed body, poison resistance, slowness 2, AC
+1
a: Spit Poison, Renounce Religion


You were on level 3 of the Dungeon.
You worshipped Sif Muna.
Sif Muna was noncommittal.
You were hungry.

You visited 1 branch of the dungeon, and saw 3 of its levels.

You collected 130 gold pieces.

Inventory:

Hand weapons
 j - a +3 dagger of venom (weapon)
Missiles
 b - 12 arrows
Armour
 c - a +0 robe
 f - a +0 plate armour (worn)
 h - a +0 cloak (worn)
 r - a +0 pair of gloves (worn)
Jewellery
 i - a ring of protection from magic (left hand)
 m - a ring of poison resistance (right hand)
Scrolls
 g - a scroll of fear {unknown}
 k - 2 scrolls of identify
 n - a scroll of teleportation
 o - a scroll of remove curse {unknown}
 q - a scroll of enchant weapon
Potions
 e - a potion of agility {unknown}
 p - a potion of degeneration {unknown}
Books
 d - a book of Changes

   Spells                             Type                      Level
   a - Beastly Appendage              Transmutation                1
   b - Sticks to Snakes               Transmutation                2
   c - Spider Form                    Transmutation/Poison         3
   d - Ice Form                       Ice/Transmutation            4
   e - Blade Hands                    Transmutation                5
Comestibles
 a - 2 bread rations
 l - 3 meat rations


   Skills:
 + Level 1.4 Fighting
 * Level 1.3 Short Blades
 + Level 1.9 Dodging
 - Level 3.5 Unarmed Combat
 + Level 2.6 Spellcasting
 + Level 2.2 Transmutations


You had 2 spell levels left.
You knew the following spells:

 Your Spells              Type           Power        Failure   Level  Hunger
a - Beastly Appendage     Trmt           #.....       100%        1    #......
b - Sticks to Snakes      Trmt           #.........   100%        2    ###....
c - Spider Form           Trmt/Pois      #.........   100%        3    ###....


Dungeon Overview and Level Annotations

Branches:
Dungeon (3/15)

Altars:
Ashenzari
Sif Muna
Xom
Zin


Innate Abilities, Weirdness & Mutations

You cannot wear boots.
You can spit poison.
Your serpentine skin is tough (AC +1).
You have supernaturally acute eyesight.
Armour fits poorly on your strangely shaped body.
Your system is resistant to poisons.
You cover ground very slowly.


Message History

The orc priest is severely wounded.
You feel slightly more hungry.
The orc priest hits you but does no damage.
The hobgoblin hits you but does no damage.
The orc priest hits you but does no damage.
You have got your breath back.
The orc priest hits you but does no damage.
Use which ability? (? or * to list)
Press: ? - help, Shift-Dir - straight line, f/p - orc priest
Aim: an orc priest, wielding a hand axe (severely wounded)
The splash of poison misses the orc priest.
The splash of poison hits the hobgoblin.
You are feeling hungry.
The orc priest hits you with a hand axe.
* * * LOW HITPOINT WARNING * * *
You have got your breath back.
The orc priest hits you but does no damage.
The orc priest invokes the aid of Beogh against you.
Something smites you!
You die...

### ######### ##.##
##.......###########
#...###..@o.Koo.....).....
#...#...>.g....#####......
#...#.############ #.....
########.....#### ##...##
###.# ................#
#.....# #
).#........####.# ##.....#
....###....<###.###.....♣♣
.......#.....##..........♣
.....#....##..####......_♣


You could see an orc priest, 2 orcs, a hobgoblin and a kobold.

Vanquished Creatures
  Terence (D:3)
  An adder (D:2)
  2 giant geckos
  6 orcs (D:3)
  A bat (D:3)
  3 giant cockroaches
  7 hobgoblins
  4 jackals (D:2)
  A quokka (D:2)
  5 goblins
  5 kobolds
  5 rats
41 creatures vanquished.

Notes
Turn   | Place    | Note
--------------------------------------------------------------
     0 | D:1      | gorblad, the Naga Transmuter, began the quest for the Orb.
     0 | D:1      | Reached XP level 1. HP: 18/18 MP: 3/3
   191 | D:1      | Reached XP level 2. HP: 2/25 MP: 4/4
  1226 | D:2      | Reached XP level 3. HP: 27/31 MP: 4/6
  1422 | D:2      | Found a deep blue altar of Sif Muna.
  1458 | D:2      | Became a worshipper of Sif Muna the Loreminder
  1755 | D:2      | Found a shattered altar of Ashenzari.
  1938 | D:2      | Learned a level 1 spell: Beastly Appendage
  1941 | D:2      | Learned a level 2 spell: Sticks to Snakes
  1945 | D:2      | Learned a level 3 spell: Spider Form
  1977 | D:3      | Found a glowing silver altar of Zin.
  2007 | D:3      | Found a shimmering altar of Xom.
  2062 | D:3      | Noticed Terence
  2070 | D:3      | Killed Terence
  2070 | D:3      | Reached skill level 1 in Short Blades
  2078 | D:3      | Reached XP level 4. HP: 24/38 MP: 8/8
  2463 | D:3      | Killed from afar by an orc priest

Action                   |  1- 3 |  4- 6 || total
-------------------------+-------+-------++-------
Melee: Unarmed           |    22 |       ||    22
       Dagger            |    37 |    44 ||    81
 Cast: Beastly Appendage |     1 |       ||     1
 Abil: Spit Poison       |    20 |     3 ||    23
  Use: Scroll            |     6 |       ||     6
  Eat: Bread ration      |     1 |       ||     1
       Pizza             |       |     1 ||     1
